[Event "Titled Tuesday Blitz January 03 Early 2023"]
[White "Viskelis, Darius"]
[Black "Bettalli, Francesco"]
[WhiteFideId "12800830"]
[BlackFideId "2816453"]
[WhiteElo "2166"]
[BlackElo "2252"]
[Result "1-0"]
[Round "10"]
[TimeControl "180+2"]
[Date "2023.01.03"]
[WhiteClock "0:00:19"]
[BlackClock "0:00:28"]

1. e4 g6 2. h4 h5 3. d4 c6 4. c4 Bg7 5. Nc3 d6 6. Be3 Nd7 7. f3 e5 8. d5 c5 9. Nh3 Qxh4+ 10. Kd2 Qe7 11. Kc2 a6 12. a4 Nf8 13. Ng5 Bh6 14. Qd2 f6 15. Ne6 Nxe6 16. dxe6 Bxe3 17. Qxe3 Bxe6 18. g4 h4 19. g5 fxg5 20. Bh3 g4 21. Bxg4 Bxg4 22. Nd5 Qd7 23. fxg4 Qxg4 24. Nc7+ Kd7 25. Nxa8 Nf6 26. Nb6+ Kc6 27. Nd5 Qxe4+ 28. Qxe4 Nxe4 29. Ne7+ Kd7 30. Nxg6 Rg8 31. Nxh4 Rg4 32. Rag1 Ng3 33. Kb3 b5 34. axb5 axb5 35. Nf5 bxc4+ 36. Ka2 Nxf5 37. Rxg4 Kc6 38. Rxc4 Nd4 39. Rxd4 cxd4 40. Kb3 Kb5 41. Kc2 Kc4 42. Rh6 Kd5 43. b4 e4 44. b5 Kc5 45. b6 Kxb6 46. Rxd6+ Kc5 47. Rd8 Kc4 48. Rc8+ Kd5 49. Rd8+ Ke5 50. Kd2 1-0


[Site "https://www.chess.com"]

[Event "Titled Tuesday Blitz January 03 Early 2023"]
[White "Lopez Del Alamo, Antonio"]
[Black "Khamdamova, Afruza"]
[WhiteFideId "2227339"]
[BlackFideId "14210444"]
[WhiteElo "2280"]
[BlackElo "2162"]
[Result "0-1"]
[Round "10"]
[TimeControl "180+2"]
[Date "2023.01.03"]
[WhiteClock "0:00:40"]
[BlackClock "0:00:15"]

1. e4 e5 2. Bc4 Nf6 3. d3 Nc6 4. Nc3 Bb4 5. Ne2 d5 6. exd5 Nxd5 7. O-O Nxc3 8. Nxc3 O-O 9. Be3 Bxc3 10. bxc3 Na5 11. Bb3 Nxb3 12. axb3 a6 13. c4 Be6 14. Qf3 c6 15. Bc5 Re8 16. Qe3 Qf6 17. Bb4 Bf5 18. Bc3 Qg6 19. Ra5 f6 20. f4 exf4 21. Qxf4 Bh3 22. Qf3 Bg4 23. Qg3 Re2 24. h3 Bd7 25. Qxg6 hxg6 26. Rf2 Rae8 27. Kf1 Rxf2+ 28. Kxf2 Kf7 29. Ra1 g5 30. Rf1 Kg6 31. Re1 Rxe1 32. Kxe1 g4 33. h4 g3 34. Ke2 Kh5 35. Be1 Kxh4 36. Kf3 Bg4+ 37. Kf4 g5+ 38. Ke3 f5 39. d4 f4+ 40. Ke4 Bh5 41. d5 cxd5+ 42. cxd5 Bg6+ 43. Ke5 Kg4 44. d6 Be8 45. c4 f3 46. gxf3+ Kxf3 47. Bxg3 Kxg3 48. Ke6 g4 49. d7 Bxd7+ 50. Kxd7 Kf2 51. Kc7 g3 52. Kxb7 g2 53. Kxa6 g1=Q 54. b4 Qb1 55. Kb5 Ke3 56. c5 Kd4 57. Ka5 Kd5 58. Kb5 Qd3+ 59. Kb6 Qb3 60. b5 Kc4 61. c6 Qxb5+ 62. Kc7 Kd5 0-1


[Site "https://www.chess.com"]

[Event "Titled Tuesday Blitz January 03 Early 2023"]
[White "Fabris, Alberto"]
[Black "Blanco Acevedo, Cristobal Jose"]
[WhiteFideId "801348"]
[BlackFideId "3900525"]
[WhiteElo "2230"]
[BlackElo "2310"]
[Result "0-1"]
[Round "10"]
[TimeControl "180+2"]
[Date "2023.01.03"]
[WhiteClock "0:00:53"]
[BlackClock "0:01:27"]

1. e4 c5 2. Nf3 Nc6 3. Bb5 e6 4. O-O Nge7 5. c3 a6 6. Ba4 b5 7. Bc2 h6 8. d4 cxd4 9. cxd4 d5 10. e5 Nb4 11. Bb3 a5 12. a3 Nbc6 13. Nc3 Ba6 14. Re1 Nf5 15. Be3 Qb6 16. Bc2 Nxe3 17. fxe3 Be7 18. Qd2 b4 19. axb4 axb4 20. Ne2 b3 21. Bd3 O-O 22. Nf4 Bb4 23. Qf2 Bxe1 24. Rxe1 Bxd3 25. Nxd3 Ra2 26. Qg3 Rfa8 27. Nf4 Ne7 28. Nh4 Ra1 29. h3 Qb4 30. Rxa1 Rxa1+ 31. Kh2 Qe1 32. Qg4 g5 33. Nf3 Qh1+ 34. Kg3 Nf5+ 0-1


[Site "https://www.chess.com"]

[Event "Titled Tuesday Blitz January 03 Early 2023"]
[White "Dwilewicz, Katarzyna"]
[Black "djokovic74"]
[WhiteFideId "1148486"]
[WhiteElo "2115"]
[BlackElo "2575"]
[Result "0-1"]
[Round "10"]
[TimeControl "180+2"]
[Date "2023.01.03"]
[WhiteClock "0:00:01"]
[BlackClock "0:00:06"]

1. e4 e6 2. d4 d5 3. exd5 exd5 4. Nf3 Bd6 5. c4 Nf6 6. Nc3 O-O 7. cxd5 Nbd7 8. Be2 Nb6 9. Bg5 h6 10. Bh4 Re8 11. O-O g5 12. Bg3 Nbxd5 13. Ne5 c6 14. Bd3 Be6 15. Re1 Kg7 16. h3 a6 17. Rc1 Rc8 18. Bb1 Bb8 19. Qf3 Nxc3 20. bxc3 Qd5 21. Qd3 c5 22. Rcd1 cxd4 23. cxd4 Ba7 24. Nf3 Qc4 25. Qd2 Qc3 26. Qxc3 Rxc3 27. d5 Bd7 28. Rxe8 Bxe8 29. Be5 Rc4 30. d6 Bd7 31. Nd2 Rc5 32. Bxf6+ Kxf6 33. Ne4+ Ke5 34. Nxc5 Bxc5 35. Bc2 Bxd6 36. Bb3 Bc6 37. Bxf7 b5 38. Rc1 Bd7 39. f3 Kd4 40. Kf2 b4 41. Rd1+ Kc5 42. Rd5+ Kc6 43. Rd1 a5 44. Bd5+ Kc7 45. Rc1+ Kb6 46. Ke2 Bb5+ 47. Bc4 Bc6 48. Kd3 a4 49. Be6 Bc5 50. Rb1 Be8 51. a3 Bg6+ 52. Kd2 Bxb1 53. axb4 Bxb4+ 54. Ke2 Bh7 55. Ke3 a3 56. Ba2 Kc5 57. g3 Bc3 58. h4 Bd4+ 59. Ke2 Kb4 60. hxg5 hxg5 61. f4 gxf4 62. gxf4 Kc3 63. Kf3 Bf5 64. Bd5 Kb2 65. Kg3 Bf6 66. Kf3 a2 67. Bxa2 Kxa2 0-1


[Site "https://www.chess.com"]

[Event "Titled Tuesday Blitz January 03 Early 2023"]
[White "Qashashvili, Alexandre"]
[Black "ArchibaldCerveza29"]
[WhiteFideId "13600842"]
[WhiteElo "2505"]
[BlackElo "2510"]
[Result "0-1"]
[Round "10"]
[TimeControl "180+2"]
[Date "2023.01.03"]
[WhiteClock "0:00:02"]
[BlackClock "0:00:02"]

1. e4 e5 2. Nf3 Nc6 3. Nc3 Nf6 4. d4 exd4 5. Nxd4 Nxe4 6. Nxc6 bxc6 7. Nxe4 Qe7 8. Qe2 d5 9. Ng3 Be6 10. c3 g6 11. Bf4 Bg7 12. Qe3 O-O 13. Be2 Rab8 14. b3 Rfe8 15. O-O Qa3 16. Qd2 h5 17. Rfe1 h4 18. Nf1 Qc5 19. Rac1 a5 20. Bh6 Bh8 21. Ne3 h3 22. gxh3 Bxh3 23. Bg4 Bxg4 24. Nxg4 Rxe1+ 25. Qxe1 a4 26. Be3 Qd6 27. Bd4 Qf4 28. h3 axb3 29. axb3 Bxd4 30. cxd4 Rxb3 31. Rxc6 Rxh3 32. Qe8+ Kg7 33. Qe5+ Qxe5 34. Nxe5 Rh4 35. Nf3 Rf4 36. Kg2 g5 37. Rxc7 g4 38. Ne5 Rxd4 39. Rxf7+ Kh6 40. Kg3 Re4 41. Nxg4+ Kg6 42. Rd7 d4 43. f3 Re1 44. Rd6+ Kf5 45. Rd5+ Kg6 46. Rxd4 Ra1 47. Kf4 Re1 48. Rd6+ Kf7 49. Ne5+ Ke7 50. Ra6 Rh1 51. Ke4 Re1+ 52. Kf5 Kf8 53. f4 Rg1 54. Ke6 Kg7 55. Ra7+ Kh6 56. f5 Rb1 57. f6 Rb6+ 58. Kf5 Rb1 59. Ra8 Rf1+ 60. Ke6 Kh7 61. Re8 Ra1 62. f7 Ra6+ 63. Kf5 Ra1 64. f8=Q Rf1+ 65. Ke6 Rf6+ 66. Ke7 Re6+ 0-1


[Site "https://www.chess.com"]

[Event "Titled Tuesday Blitz January 03 Early 2023"]
[White "Bazarov, Konstantin"]
[Black "Prudnykova, Olga"]
[WhiteFideId "4137000"]
[BlackFideId "14121093"]
[WhiteElo "2235"]
[BlackElo "2268"]
[Result "1-0"]
[Round "10"]
[TimeControl "180+2"]
[Date "2023.01.03"]
[WhiteClock "0:01:16"]
[BlackClock "0:01:01"]

1. c4 Nf6 2. Nc3 d5 3. cxd5 Nxd5 4. e4 Nb6 5. d4 g6 6. Be3 Bg7 7. a4 O-O 8. a5 N6d7 9. f4 c5 10. d5 Nf6 11. Bxc5 Na6 12. Bd4 Bg4 13. Be2 h5 14. Nf3 Rc8 15. O-O Nc5 16. Bxc5 Rxc5 17. Ne5 Bxe2 18. Qxe2 Rxa5 19. h3 Qb6+ 20. Kh2 Rc8 21. Nc4 Rxc4 22. Qxc4 Rxa1 23. Rxa1 Qxb2 24. Rxa7 Bh6 25. e5 Qd2 26. Ne2 Nxd5 27. Ra2 Bxf4+ 28. Nxf4 Qxf4+ 29. Qxf4 Nxf4 30. Rb2 Nd3 31. Rxb7 Nxe5 32. Rxe7 Nc6 33. Rc7 Ne5 34. Kg3 Kg7 35. Kf4 Kf6 36. Ra7 g5+ 37. Ke4 Kg6 38. Kxe5 1-0


[Site "https://www.chess.com"]

[Event "Titled Tuesday Blitz January 03 Early 2023"]
[White "Matveeva, Olga"]
[Black "Fernandez Garcia, Gumersindo"]
[WhiteFideId "24107018"]
[BlackFideId "24516740"]
[WhiteElo "2128"]
[BlackElo "2160"]
[Result "1-0"]
[Round "10"]
[TimeControl "180+2"]
[Date "2023.01.03"]
[WhiteClock "0:00:58"]
[BlackClock "0:01:23"]

1. d4 Nf6 2. c4 e6 3. g3 b6 4. Bg2 c6 5. Nf3 d5 6. O-O Bb7 7. Nbd2 Nbd7 8. Qc2 Be7 9. e4 O-O 10. Rd1 Rc8 11. e5 Ne8 12. b3 c5 13. Bb2 dxc4 14. Nxc4 b5 15. Nd6 Nxd6 16. exd6 Bf6 17. Ng5 Bxg5 18. Bxb7 Rb8 19. Be4 cxd4 20. Bxh7+ Kh8 21. Bxd4 e5 22. Bb2 Rc8 23. Qd3 g6 24. Bxg6 fxg6 25. Qxg6 Qf6 26. Qh5+ Kg7 27. f4 Bh6 28. Qg4+ Kh7 29. Qxd7+ Kh8 30. Bxe5 Bg7 31. Bxf6 Bxf6 32. Rac1 Rcd8 33. Qh3+ Kg7 34. Rc7+ 1-0


[Site "https://www.chess.com"]

[Event "Titled Tuesday Blitz January 03 Early 2023"]
[White "Krstic, Milos"]
[Black "Wieczorek, Zbigniew"]
[WhiteFideId "954888"]
[BlackFideId "1102001"]
[WhiteElo "2183"]
[BlackElo "2150"]
[Result "1-0"]
[Round "10"]
[TimeControl "180+2"]
[Date "2023.01.03"]
[WhiteClock "0:02:13"]
[BlackClock "0:01:48"]

1. e4 g6 2. d4 Bg7 3. Nc3 c6 4. Be3 d5 5. Qd2 dxe4 6. Nxe4 Nf6 7. Nxf6+ exf6 8. Nf3 O-O 9. Bc4 Nd7 10. h3 Nb6 11. Bb3 a5 12. c3 Re8 13. O-O Be6 14. Bf4 a4 15. Bxe6 Rxe6 16. b3 Nd5 17. Bg3 axb3 18. axb3 Rxa1 19. Rxa1 Qe8 20. c4 Re2 21. Qa5 b6 22. Qa8 Nc3 23. Qxe8+ Rxe8 24. Ra6 f5 25. Be5 f6 26. Bc7 b5 27. Rxc6 bxc4 28. bxc4 g5 29. d5 g4 30. Nd4 1-0


[Site "https://www.chess.com"]

[Event "Titled Tuesday Blitz January 03 Early 2023"]
[White "Koridze, Lile"]
[Black "Kukula, Pawel"]
[WhiteFideId "13612514"]
[BlackFideId "1115081"]
[WhiteElo "2191"]
[BlackElo "2135"]
[Result "0-1"]
[Round "10"]
[TimeControl "180+2"]
[Date "2023.01.03"]
[WhiteClock "0:00:03"]
[BlackClock "0:00:43"]

1. d4 Nf6 2. c4 Nc6 3. Nf3 e6 4. a3 g6 5. Nc3 d6 6. e4 Bg7 7. Bd3 O-O 8. O-O e5 9. d5 Nb8 10. h3 Nbd7 11. Be3 b6 12. b4 a5 13. Rc1 axb4 14. axb4 Nh5 15. Qb3 h6 16. Ne2 f5 17. Bd2 Ndf6 18. Nc3 f4 19. c5 bxc5 20. bxc5 g5 21. cxd6 cxd6 22. Nb5 Rf7 23. Rc6 Bf8 24. Rfc1 Bd7 25. Nxd6 Rg7 26. Nb7 Qe8 27. Rb6 g4 28. hxg4 Bxg4 29. Nh4 Kh8 30. Qb5 Bd7 31. Qc4 Rc8 32. Qa2 Rxc1+ 33. Bxc1 Ng4 34. Nd6 Bxd6 35. Rxd6 Qe7 36. Ng6+ Rxg6 37. Rxg6 Kh7 38. Qa6 Qh4 39. g3 Qh2+ 40. Kf1 Qxf2# 0-1


[Site "https://www.chess.com"]

[Event "Titled Tuesday Blitz January 03 Early 2023"]
[White "Shubenkova, Veronika"]
[Black "Coelho, Ramyres Santana"]
[WhiteFideId "44124040"]
[BlackFideId "2120690"]
[WhiteElo "1960"]
[BlackElo "1981"]
[Result "1-0"]
[Round "10"]
[TimeControl "180+2"]
[Date "2023.01.03"]
[WhiteClock "0:01:46"]
[BlackClock "0:01:28"]

1. e4 c5 2. Nc3 d6 3. g3 Nc6 4. Bg2 Nf6 5. f4 Bd7 6. Nf3 Qc8 7. O-O Bh3 8. d3 Bxg2 9. Kxg2 g6 10. Be3 Ng4 11. Bg1 Bg7 12. h3 Nf6 13. Rb1 O-O 14. Qe2 a6 15. g4 b5 16. Qf2 b4 17. Ne2 Nd7 18. Qg3 f5 19. gxf5 gxf5 20. Ng5 Nf6 21. e5 dxe5 22. fxe5 Nd5 23. e6 f4 24. Nxf4 Nxf4+ 25. Rxf4 Rxf4 26. Qxf4 Qb7 27. Bxc5 Ne5+ 28. Qe4 Qc8 29. Qxh7+ Kf8 30. Rf1+ Bf6 31. Rxf6+ Ke8 32. Qxe7# 1-0


[Site "https://www.chess.com"]

[Event "Titled Tuesday Blitz January 03 Early 2023"]
[White "Zherebtsova, Alexandra"]
[Black "Liu, Kelsey"]
[WhiteFideId "24129518"]
[BlackFideId "30944481"]
[WhiteElo "2155"]
[BlackElo "2065"]
[Result "0-1"]
[Round "10"]
[TimeControl "180+2"]
[Date "2023.01.03"]
[WhiteClock "0:00:02"]
[BlackClock "0:00:11"]

1. d4 Nf6 2. Nf3 e6 3. c4 d5 4. e3 Be7 5. Nbd2 O-O 6. b3 c5 7. Bb2 Nc6 8. Bd3 Re8 9. O-O b6 10. Rc1 Bd6 11. Bb1 e5 12. cxd5 Nxd5 13. dxe5 Nxe5 14. Ne4 Bc7 15. Nxe5 Bxe5 16. Bxe5 Rxe5 17. f4 Re8 18. Qh5 h6 19. Rfd1 Bb7 20. Nc3 Nf6 21. Qe2 Qe7 22. Re1 Rad8 23. e4 Rd4 24. e5 Qd7 25. Qf2 Nh5 26. Ne2 Rd2 27. Bc2 Qd5 28. Red1 Nxf4 29. Rxd2 Nh3+ 0-1


[Site "https://www.chess.com"]

[Event "Titled Tuesday Blitz January 03 Early 2023"]
[White "MIM06"]
[Black "Sreyas Payyappat"]
[BlackFideId "46674969"]
[WhiteElo "2273"]
[BlackElo "2076"]
[Result "0-1"]
[Round "10"]
[TimeControl "180+2"]
[Date "2023.01.03"]
[WhiteClock "0:00:04"]
[BlackClock "0:01:05"]

1. e4 c5 2. Nf3 d6 3. Bb5+ Bd7 4. Bxd7+ Nxd7 5. c3 Ngf6 6. Qe2 g6 7. d4 cxd4 8. cxd4 Bg7 9. e5 dxe5 10. dxe5 Nd5 11. e6 fxe6 12. O-O Nc5 13. Qb5+ Nd7 14. Qxb7 O-O 15. Qc6 Kh8 16. Qxe6 Nc5 17. Qe2 Qd6 18. Rd1 Rad8 19. Re1 Nb4 20. Nc3 Ncd3 21. Rf1 e5 22. Bg5 Rde8 23. a3 e4 24. Nd2 Nc2 25. Ndxe4 Bxc3 26. Nxd6 Rxe2 27. Rad1 Nxb2 28. Rc1 Be5 29. Nb5 a6 30. Na7 Nd3 31. Rcd1 Nxf2 32. Rc1 Bb2 33. Rxc2 Rxc2 34. h4 Bd4 35. Kh2 Ng4+ 36. Kh3 Rxf1 37. Kg3 Bxa7 38. Bf6+ Nxf6 0-1


[Site "https://www.chess.com"]

[Event "Titled Tuesday Blitz January 03 Early 2023"]
[White "Topalov, Aleksandar"]
[Black "Ardila, Oscar Humberto"]
[WhiteFideId "925659"]
[BlackFideId "4404742"]
[WhiteElo "2233"]
[BlackElo "1982"]
[Result "1-0"]
[Round "10"]
[TimeControl "180+2"]
[Date "2023.01.03"]
[WhiteClock "0:01:10"]
[BlackClock "0:00:04"]

1. b3 Nf6 2. Bb2 e6 3. Nf3 Be7 4. e3 O-O 5. d4 d6 6. Nbd2 Nbd7 7. Bd3 b6 8. O-O Bb7 9. c4 c5 10. Rc1 Re8 11. Bb1 Rc8 12. Re1 h6 13. Qc2 Nf8 14. Qd1 a6 15. a4 Qc7 16. e4 e5 17. dxe5 dxe5 18. Bxe5 Qd7 19. Bc3 Rcd8 20. e5 N6h7 21. Ne4 Qg4 22. Qe2 Ne6 23. h3 Qh5 24. Ng3 Bxf3 25. Nxh5 Bxe2 26. Rxe2 Nd4 27. Bxd4 Rxd4 28. e6 f6 29. Ng3 Ng5 30. Nf5 Rdd8 31. h4 Nh7 32. Be4 Nf8 33. Bd5 Rc8 34. h5 Nh7 35. f4 Ng5 36. fxg5 hxg5 37. g4 Kh7 38. Kg2 g6 39. hxg6+ Kxg6 40. Rh1 b5 41. Rh6# 1-0


[Site "https://www.chess.com"]

[Event "Titled Tuesday Blitz January 03 Early 2023"]
[White "Forgacs, Attila Jr."]
[Black "Osiecki, Stanislaw"]
[WhiteFideId "773654"]
[BlackFideId "1102990"]
[WhiteElo "2264"]
[BlackElo "2055"]
[Result "1-0"]
[Round "10"]
[TimeControl "180+2"]
[Date "2023.01.03"]
[WhiteClock "0:01:06"]
[BlackClock "0:00:01"]

1. e4 e6 2. d4 d5 3. Nc3 Bb4 4. e5 c5 5. a3 Bxc3+ 6. bxc3 Qc7 7. Qg4 f5 8. Qg3 cxd4 9. cxd4 Ne7 10. c3 O-O 11. Ne2 b6 12. h4 Ba6 13. h5 Bxe2 14. Bxe2 Nbc6 15. h6 g6 16. Bg5 Na5 17. Bf6 Rac8 18. O-O Rf7 19. Rac1 Nc4 20. Bxc4 Qxc4 21. Qg5 Rc7 22. g4 Qd3 23. gxf5 Qxf5 24. Qxf5 Nxf5 25. Bg5 Rc4 26. Rfd1 Rfc7 27. Rd3 Ra4 28. Ra1 b5 29. Bd2 Rac4 30. Kf1 g5 31. Ke2 Nxh6 32. Rg1 Rg7 33. Rxg5 Rxg5 34. Bxg5 Nf7 35. Bc1 h5 36. Rh3 h4 37. Kd3 Kg7 38. f4 Kg6 39. Rxh4 Kf5 40. Rh7 Nd8 41. Rxa7 Ra4 42. Rd7 Nc6 43. Rf7+ Kg4 44. Rf6 Nd8 45. f5 exf5 46. e6 1-0


[Site "https://www.chess.com"]

[Event "Titled Tuesday Blitz January 03 Early 2023"]
[White "Klinova, Masha"]
[Black "Chernov, Mikhail"]
[WhiteFideId "2802015"]
[BlackFideId "24143170"]
[WhiteElo "2250"]
[BlackElo "2205"]
[Result "0-1"]
[Round "10"]
[TimeControl "180+2"]
[Date "2023.01.03"]
[WhiteClock "0:01:00"]
[BlackClock "0:00:06"]

1. e4 c5 2. Nf3 Nc6 3. Bb5 g6 4. Bxc6 bxc6 5. O-O Bg7 6. Re1 Nh6 7. c3 O-O 8. h3 d6 9. d4 cxd4 10. cxd4 f6 11. Nc3 Nf7 12. Be3 Qa5 13. Qd2 Qh5 14. Qe2 g5 15. Nh2 Qg6 16. Rac1 f5 17. exf5 Bxf5 18. Nf3 Kh8 19. Qd2 Bf6 20. d5 c5 21. Nh2 h5 22. g4 Bd7 23. f3 Ne5 24. Kg2 Nd3 25. Ne4 Nxc1 26. Qxc1 h4 27. Bxg5 Bxg5 28. Nxg5 Rae8 29. Ne6 Rf6 30. f4 Bxe6 31. dxe6 Rxe6 32. f5 Rxe1 33. Qxe1 Qf6 34. Nf3 Qxb2+ 35. Kh1 Qf6 36. Nxh4 c4 37. Ng6+ Kg7 38. Qe3 c3 39. Nf4 Rh8 40. Nd5 Qe5 41. Qg5+ Kf7 42. Qg6+ Kf8 43. Nc7 Rxh3+ 44. Kg2 Qh2+ 45. Kf1 Rf3+ 46. Ke1 Qg1+ 47. Ke2 Qg2+ 48. Kd1 Rf1# 0-1


[Site "https://www.chess.com"]

[Event "Titled Tuesday Blitz January 03 Early 2023"]
[White "Makhmudov, Shukhrat"]
[Black "Gholami Orimi, Mahdi"]
[WhiteFideId "14200775"]
[BlackFideId "12558486"]
[WhiteElo "2115"]
[BlackElo "2420"]
[Result "0-1"]
[Round "10"]
[TimeControl "180+2"]
[Date "2023.01.03"]
[WhiteClock "0:00:06"]
[BlackClock "0:00:25"]

1. e4 c5 2. Nf3 Nc6 3. d4 cxd4 4. Nxd4 Nf6 5. Nc3 d6 6. Be2 g6 7. Bg5 Bg7 8. Nxc6 bxc6 9. e5 dxe5 10. Qxd8+ Kxd8 11. Bf3 Bd7 12. O-O-O Kc7 13. Rhe1 h6 14. Bh4 Be6 15. Rxe5 Rhd8 16. Bg3 Rxd1+ 17. Kxd1 Kd7 18. Ra5 Ne8 19. Nb5 a6 20. c3 Nd6 21. Nd4 Bxd4 22. cxd4 Nb5 23. Ra4 Bd5 24. Bxd5 cxd5 25. Rb4 Kc6 26. Kd2 a5 27. Ra4 Kb6 28. Kd3 Rc8 29. Bf4 g5 30. Bd2 Nd6 31. Rxa5 e6 32. Ra3 Nc4 33. Rb3+ Kc6 34. Bc3 Ra8 35. a3 g4 36. Rb4 h5 37. a4 h4 38. b3 Nd6 39. Bd2 h3 40. g3 Ne4 41. Be3 Rc8 42. Rb5 f6 43. Ra5 Kb6 44. Rb5+ Ka6 45. Rc5 Nxc5+ 46. dxc5 e5 47. b4 Kb7 48. b5 Ra8 49. c6+ Kc7 50. Bc5 Rxa4 51. Kc3 Rc4+ 52. Kb3 Rxc5 53. Kb4 Rc2 0-1


[Site "https://www.chess.com"]

[Event "Titled Tuesday Blitz January 03 Early 2023"]
[White "Barbot, Pierre"]
[Black "Mikhalsky, Vladimir"]
[WhiteFideId "663727"]
[BlackFideId "14144352"]
[WhiteElo "2458"]
[BlackElo "2219"]
[Result "0-1"]
[Round "10"]
[TimeControl "180+2"]
[Date "2023.01.03"]
[WhiteClock "0:00:02"]
[BlackClock "0:00:34"]

1. e4 c5 2. Nf3 Nc6 3. Bb5 g6 4. O-O Bg7 5. c3 a6 6. Ba4 b5 7. Bc2 Qb6 8. Re1 Bb7 9. d3 e5 10. Nbd2 Nge7 11. Nf1 O-O 12. Be3 d5 13. exd5 Nxd5 14. Bb3 Nxe3 15. Nxe3 Rad8 16. Nd5 Qa7 17. Qe2 Rfe8 18. Ng5 Ba8 19. Ne4 Re6 20. Qf3 Na5 21. Ndf6+ Bxf6 22. Nxf6+ Kg7 23. Ne4 Nxb3 24. axb3 f5 25. Qh3 h6 26. Ng3 Qf7 27. f3 Rxd3 28. Re2 Qf6 29. Rae1 Bd5 30. Nf1 Bxb3 31. Nd2 Bd5 32. Nf1 Bc6 33. Ne3 Bd7 34. Nc2 f4 35. Qg4 Red6 36. Rxe5 Bxg4 37. Re7+ Kf8 38. Re8+ Kf7 0-1


[Site "https://www.chess.com"]

[Event "Titled Tuesday Blitz January 03 Early 2023"]
[White "Legenia, Artem"]
[Black "Van den Dikkenberg, Erik"]
[WhiteFideId "14136945"]
[BlackFideId "1005880"]
[WhiteElo "2092"]
[BlackElo "2091"]
[Result "1-0"]
[Round "10"]
[TimeControl "180+2"]
[Date "2023.01.03"]
[WhiteClock "0:01:43"]
[BlackClock "0:01:00"]

1. e4 c5 2. Nf3 d6 3. Bb5+ Nd7 4. O-O Nf6 5. e5 dxe5 6. Nxe5 g6 7. b3 Bg7 8. Bb2 O-O 9. Nxd7 Bxd7 10. Qe2 Re8 11. Na3 a6 12. Bxd7 Qxd7 13. Nc4 Rad8 14. Rad1 b5 15. Ne5 Qc7 16. c4 b4 17. d4 cxd4 18. Rxd4 Nd7 19. Rxd7 Rxd7 20. Nxd7 Bxb2 21. Qxb2 Qxd7 22. Qe5 Qd2 23. Qa5 Ra8 24. c5 Rc8 25. a3 Qc3 26. axb4 Qxb3 27. Qxa6 Rb8 28. Rc1 Qxb4 29. c6 Qb1 30. Rxb1 Rxb1+ 31. Qf1 1-0


[Site "https://www.chess.com"]

[Event "Titled Tuesday Blitz January 03 Early 2023"]
[White "Bobomurodova, Maftuna"]
[Black "Donskov, Anatoly"]
[WhiteFideId "14207400"]
[BlackFideId "24143413"]
[WhiteElo "1946"]
[BlackElo "2279"]
[Result "0-1"]
[Round "10"]
[TimeControl "180+2"]
[Date "2023.01.03"]
[WhiteClock "0:01:46"]
[BlackClock "0:02:06"]

1. e4 c5 2. Nf3 e6 3. d4 cxd4 4. Nxd4 Nf6 5. Nc3 Nc6 6. Ndb5 Bc5 7. Nd6+ Ke7 8. Bf4 e5 9. Nf5+ Kf8 10. Be3 Bb4 11. Bd3 d5 12. exd5 Nxd5 13. Bd2 Nf4 14. Bxf4 exf4 15. O-O g6 16. Nh6 Kg7 17. Ng4 f5 18. Bb5 Qxd1 19. Raxd1 Bxc3 20. bxc3 fxg4 0-1


[Site "https://www.chess.com"]

[Event "Titled Tuesday Blitz January 03 Early 2023"]
[White "Andreev, Konstantin"]
[Black "De Souza, Cristiano Gomes"]
[WhiteFideId "24239305"]
[BlackFideId "2151758"]
[WhiteElo "2195"]
[BlackElo "2018"]
[Result "0-1"]
[Round "10"]
[TimeControl "180+2"]
[Date "2023.01.03"]
[WhiteClock "0:01:28"]
[BlackClock "0:01:38"]

1. e4 c5 2. Nf3 d6 3. d4 cxd4 4. Nxd4 Nf6 5. Nc3 a6 6. h4 e6 7. g4 Nc6 8. g5 Nd7 9. Be3 Nxd4 10. Qxd4 Ne5 11. O-O-O Bd7 12. f4 Nc6 13. Qd2 Qa5 14. Kb1 Rc8 15. Be2 b5 16. Bd3 Nb4 17. Bd4 Nxd3 18. cxd3 b4 19. Ne2 Qb5 20. h5 h6 21. g6 f6 22. Be3 a5 23. Nd4 Qb7 24. e5 dxe5 25. fxe5 fxe5 26. Ne2 Be7 27. Rhf1 Bf6 28. Rxf6 gxf6 29. Bxh6 Qf3 30. Rg1 Ke7 31. g7 Rhg8 32. Ng3 Bb5 33. d4 Qd3+ 34. Qxd3 Bxd3+ 35. Ka1 exd4 36. Rd1 Bh7 37. Rxd4 Rgd8 38. Ne2 Rxd4 39. Nxd4 Kf7 40. b3 Rd8 41. Nc6 Rd1+ 42. Kb2 Rb1# 0-1


[Site "https://www.chess.com"]

[Event "Titled Tuesday Blitz January 03 Early 2023"]
[White "Buscar, Michael"]
[Black "De Arruda, Leandro Formes"]
[WhiteFideId "2603616"]
[BlackFideId "22722009"]
[WhiteElo "2041"]
[BlackElo "1980"]
[Result "1-0"]
[Round "10"]
[TimeControl "180+2"]
[Date "2023.01.03"]
[WhiteClock "0:01:20"]
[BlackClock "0:00:13"]

1. d4 f5 2. g3 Nf6 3. Bg2 e6 4. Nh3 d5 5. Nf4 Bd6 6. h4 O-O 7. h5 c5 8. c3 Nc6 9. h6 g6 10. dxc5 Bxc5 11. Nd2 e5 12. Nd3 Bb6 13. O-O Nh5 14. Kh2 f4 15. Nb3 Bf5 16. Ndc5 e4 17. Nxb7 Qd7 18. N7c5 Qd6 19. Nxe4 Bxe4 20. Bxe4 fxg3+ 21. Kg2 gxf2 22. Qxd5+ Qxd5 23. Bxd5+ Kh8 24. Bxc6 Rac8 25. Bf3 Rc4 26. Nd4 Nf4+ 27. Bxf4 Rxf4 28. Rxf2 g5 29. Bd5 Rc5 30. Rxf4 gxf4 31. Bf3 Rg5+ 32. Kf2 Re5 33. Rg1 Rb5 1-0


[Site "https://www.chess.com"]

[Event "Titled Tuesday Blitz January 03 Early 2023"]
[White "Szyszylo, Rafal"]
[Black "Ciuffoletti, Paolo"]
[WhiteFideId "1109626"]
[BlackFideId "807630"]
[WhiteElo "2091"]
[BlackElo "2106"]
[Result "1-0"]
[Round "10"]
[TimeControl "180+2"]
[Date "2023.01.03"]
[WhiteClock "0:00:12"]
[BlackClock "0:00:01"]

1. e4 c5 2. Nf3 Nc6 3. Bb5 e6 4. O-O Nge7 5. Re1 a6 6. Bf1 Ng6 7. c3 Be7 8. d4 cxd4 9. cxd4 d5 10. e5 O-O 11. Nc3 Bd7 12. Bd3 b5 13. Ne2 Rc8 14. Ng3 Qb6 15. Be3 Na5 16. Nh5 Nc4 17. Bc1 Qd8 18. g3 f5 19. exf6 Bxf6 20. Nf4 Nxf4 21. Bxf4 Nxb2 22. Bxh7+ Kxh7 23. Qb1+ Kg8 24. Qxb2 Qe7 25. h4 Rc4 26. Rad1 Rfc8 27. Re2 Qf7 28. Kg2 Qg6 29. Rdd2 Qf5 30. Be5 Be8 31. Bxf6 gxf6 32. Re3 Rc2 33. Rxc2 Rxc2 34. Qb4 Kf7 35. Qd6 Rxa2 36. Qc7+ Kf8 37. Qd6+ Kf7 38. h5 Qxh5 39. Qxe6+ Kf8 40. Qe7+ Kg8 41. Qxe8+ Qxe8 42. Rxe8+ Kf7 43. Rd8 1-0


[Site "https://www.chess.com"]

[Event "Titled Tuesday Blitz January 03 Early 2023"]
[White "Ovezdurdyyeva, Jemal"]
[Black "Corredor Castellanos, Camilo"]
[WhiteFideId "14001888"]
[BlackFideId "4425871"]
[WhiteElo "2078"]
[BlackElo "1957"]
[Result "0-1"]
[Round "10"]
[TimeControl "180+2"]
[Date "2023.01.03"]
[WhiteClock "0:00:30"]
[BlackClock "0:00:19"]

1. e4 c5 2. Nf3 d6 3. d4 cxd4 4. Nxd4 Nf6 5. Nc3 a6 6. Bc4 e6 7. O-O Nbd7 8. a4 Qc7 9. Qe2 Be7 10. Kh1 O-O 11. f4 Re8 12. Bb3 Rb8 13. Be3 Bf8 14. a5 Nc5 15. Bg1 Bd7 16. e5 Nxb3 17. Nxb3 Nd5 18. Ne4 Bb5 19. exd6 Bxd6 20. Qg4 Bxf1 21. Rxf1 Bxf4 22. Bd4 e5 23. Bb6 Qxc2 24. Nd6 Re6 25. Nf5 Rg6 26. Qh3 Rg5 27. Nd6 Rf8 28. Nc5 Qg6 29. Nde4 Rh5 30. Qf3 Bxh2 31. Nd7 Bg3+ 32. Kg1 Rh1+ 33. Kxh1 Qh6+ 34. Kg1 Qh2# 0-1


[Site "https://www.chess.com"]